 Dungeon Crawl Stone Soup version 0.31-a0-180-g519b7de00c (webtiles) character file.

Game seed: 10181553048194569316

11028 qw the Cleaver (level 11, -2/68 HPs)
             Began as a Gargoyle Fighter on June 19, 2023.
             Was an Elder of Okawaru.
             Slain by a bog body (24 damage)
             ... on level 2 of the Lair of Beasts.
             The game lasted 00:05:49 (10239 turns).

qw the Cleaver (Gargoyle Fighter)                  Turns: 10239, Time: 00:05:50

Health: -2/68      AC: 36    Str: 23    XL:     11   Next: 71%
Magic:  13/15      EV:  7    Int: 10    God:    Okawaru [****..]
Gold:   236        SH: 17    Dex: 15    Spells: 10/10 levels left

rFire   + . .        Y - +2 war axe (drain)
rCold   . . .        n - +0 kite shield
rNeg    + . .        a - +0 crystal plate armour
rPois   inf          o - +0 helmet
rElec   +            i - +0 cloak
rCorr   .            t - +0 pair of gloves
SInv    .            (no boots)
Will    .....        (no amulet) Stlth
                     m - +6 ring of dexterity
HPRegen 0.31/turn    q - ring of protection from fire
MPRegen 0.14/turn

%: no passive effects
@: heroic, slowed, very slow
A: sickness immunity, AC +8, negative energy resistance 1, electricity
resistance, torment resistance 1, petrification resistance, large bone plates 1,
sense surroundings 1
a: Renounce Religion, Heroism, Finesse


You were on level 2 of the Lair of Beasts.
You worshipped Okawaru.
Okawaru was greatly pleased with you.
You visited 3 branches of the dungeon, and saw 11 of its levels.

You collected 805 gold pieces.
You spent 569 gold pieces at shops.


Innate Abilities, Weirdness & Mutations

You are immune to sickness and miasma.
Your stone body is resilient. (AC +8)
You are immune to poison.
You resist negative energy. (rN+)
You are resistant to electric shocks. (rElec)
You are resistant to unholy torment.
You are immune to petrification.
You are partially covered in large bone plates. (SH +4)
You passively map a small area around you.


   Skills:
 - Level 8.0(13.0) Fighting
 - Level 10.0(15.0) Axes
 - Level 2.9(7.9) Throwing
 + Level 9.5(14.5) Armour
 - Level 2.0(7.0) Dodging
 - Level 9.3(14.3) Shields
 + Level 5.5 Invocations


You had 10 spell levels left.
You didn't know any spells.
Your spell library was empty.

Inventory:

Hand Weapons
 c - a +2 war axe
 w - a +0 morningstar
 Y - a +2 war axe of draining (weapon)
Armour
 a - a +0 crystal plate armour (worn)
 i - a +0 cloak (worn)
 n - a +0 kite shield (worn)
 o - a +0 helmet (worn)
 t - a +0 pair of gloves (worn)
Jewellery
 m - a +6 ring of dexterity (left hand)
 q - a ring of protection from fire (right hand)
 r - a ring of wizardry
Wands
 g - a wand of digging (6)
Scrolls
 h - 5 scrolls of identify
 k - 4 scrolls of teleportation
Potions
 b - a potion of lignification
 d - 2 potions of might
 e - 2 potions of enlightenment
 f - a potion of resistance
 j - 2 potions of mutation
 l - a potion of curing
 p - 2 potions of haste
 u - 2 potions of cancellation

Dungeon Overview and Level Annotations

Branches:
Dungeon (8/15)             Temple (1/1) D:4            Lair (2/5) D:8
  Swamp: Lair:2-3    Shoals: Lair:2-3     Snake: Lair:2-3    Spider: Lair:2-3

Altars:
Ashenzari
Cheibriados
Dithmenos
Elyvilon
Fedhas
Gozag
Hepliaklqana
Kikubaaqudgha
Makhleb
Nemelex Xobeh
Okawaru
Qazlal
Ru
Sif Muna
Trog
Uskayaw
Vehumet
Wu Jian
Xom
Yredelemnul
Zin
The Shining One

Shops:
D:5 !   D:7 (   D:8 ?

Annotations:
D:2 1 runed translucent door, Crazy Yiuf
D:3 2 transporters, qw's ghost, amateur GrFi


Message History

Enter note:
Enter note:
Enter note:
Enter note:
Enter note:
Enter note:
Enter note:
Enter note:
Enter note:
Enter note:
Enter note:
Enter note:
Enter note:
10230 ||| Stepping ~*~*~tactically~*~*~ (hiding).
You start waiting.
A bog body is nearby!
You closely miss the bog body. You block the bog body's attack.
The bog body touches you but does no damage.
You slash the bog body!
The bog body is heavily damaged.
You block the bog body's attack.
You hit the bog body.
The bog body is severely damaged.
You block the bog body's attack. x2
You hit the bog body.
The bog body is severely damaged.
The bog body gestures at you while chanting.
The bolt of cold hits you!
The bog body gestures at you while chanting.
You resist with significant effort.
You hit the bog body.
The bog body is almost destroyed.
The bog body gestures at you while chanting.
The bolt of cold hits you!!
10239 ||| INVOKING Heroism.
You gain the combat prowess of a mighty hero.
A swamp worm comes into view.
The bog body touches you. The bog body freezes you!!
You die...

.........................
.........................
..........###...........
* ,
,..........#*#P..........
..##.....###..........##
7.####.#..# ##.........##
7.......#####....#.#####
* 777777...#.....##### *~
~~ 777@.....## ,
7w..n....P# ,,
,7.....}....## ~~~
7~~~777......#


777 ..###### ### * * * You could see a bog body and a swamp worm.

Vanquished Creatures
  A two-headed ogre (D:8)
  Pikel (D:6)
  8 cane toads
  A polar bear (Lair:2)
  2 wyverns (Lair:1)
  18 yaks
  2 steam dragons
  Menkaure (D:6)
  4 water moccasins
  2 orc warriors (D:7)
  A black bear (D:4)
  2 ogres (D:6)
  3 wolves (Lair:1)
  2 centaurs
  A lemure (D:6)
  A kobold brigand (D:8)
  11 bullfrogs
  5 scorpions
  7 wights
  6 killer bees (D:5)
  4 howler monkeys
  4 jellies
  3 hounds
  9 orc priests
  5 iguanas
  9 orc wizards
  13 adders
  3 shadow imps
  4 white imps
  2 ufetubi (D:5)
  3 worms
  2 dart slugs
  25 orcs
  5 ball pythons
  9 bats
  11 endoplasms
  4 giant cockroaches
  6 hobgoblins
  7 jackals
  4 quokkas
  6 frilled lizards
  7 goblins
  14 kobolds
  4 rats
242 creatures vanquished.

Vanquished Creatures (others)
  An orc wizard (D:7)
1 creature vanquished.

Grand Total: 243 creatures vanquished

Notes
Turn   | Place    | Note
-------+----------+-------------------------------------------
     0 | D:1      | qw the Gargoyle Fighter began the quest for the Orb.
     0 | D:1      | Reached XP level 1. HP: 14/14 MP: 1/1
     0 | D:1      | 0 ||| qw: Version: 0.3-a-7-ge0c9b40
     0 | D:1      | 0 ||| qw: Game counter: 1069
     0 | D:1      | 0 ||| qw: Always use a shield: true
     0 | D:1      | 0 ||| qw: God list: Okawaru
     0 | D:1      | 0 ||| qw: Allow faded altars: false
     0 | D:1      | 0 ||| qw: Do Orc after D:15 true
     0 | D:1      | 0 ||| qw: Do second Lair branch before Depths: true
     0 | D:1      | 0 ||| qw: Lair rune preference: random
     0 | D:1      | 0 ||| qw: Plans: Normal, Zot:1-4, Slime:5, God:TSO, Crypt,
                  | Tomb, Abyss, Pan, Hells, Win
     0 | D:1      | 0 ||| PLANNING D:1-11
     7 | D:1      | 7 ||| Stepping ~*~*~tactically~*~*~ (stealth).
    16 | D:1      | Reached skill level 2 in Axes
   150 | D:1      | Reached XP level 2. HP: 17/19 MP: 2/2
   248 | D:1      | 248 ||| Stepping ~*~*~tactically~*~*~ (stealth).
   296 | D:1      | 296 ||| Stepping ~*~*~tactically~*~*~ (stealth).
   303 | D:1      | Reached skill level 3 in Axes
   333 | D:1      | Reached XP level 3. HP: 23/23 MP: 3/3
   412 | D:1      | 412 ||| Stepping ~*~*~tactically~*~*~ (hiding).
   413 | D:1      | 413 ||| Stepping ~*~*~tactically~*~*~ (hiding).
   414 | D:1      | 414 ||| Stepping ~*~*~tactically~*~*~ (hiding).
   568 | D:1      | 568 ||| READING scroll labelled EBBURA VEIW.
   571 | D:1      | 571 ||| READING scroll labelled SIOSMA QOKHLEF.
   572 | D:1      | 572 ||| READING scroll labelled LEOHIL TIOMPU.
   633 | D:2      | 633 ||| Stepping ~*~*~tactically~*~*~ (stealth).
   635 | D:2      | 635 ||| Stepping ~*~*~tactically~*~*~ (stealth).
   668 | D:2      | Reached XP level 4. HP: 28/28 MP: 4/4
   768 | D:2      | 768 ||| Stepping ~*~*~tactically~*~*~ (hiding).
   769 | D:2      | 769 ||| Stepping ~*~*~tactically~*~*~ (hiding).
   772 | D:2      | 772 ||| Stepping ~*~*~tactically~*~*~ (hiding).
   838 | D:2      | Reached skill level 4 in Axes
  1018 | D:2      | Found a faded altar of an unknown god.
  1039 | D:2      | Found a runed translucent door.
  1040 | D:2      | Noticed Crazy Yiuf
  1042 | D:2      | 1042 ||| DROPPING +0 whip.
  1064 | D:2      | 1064 ||| Stepping ~*~*~tactically~*~*~ (hiding).
  1068 | D:2      | 1068 ||| Stepping ~*~*~tactically~*~*~ (hiding).
  1516 | D:2      | 1516 ||| UPGRADING to +0 crystal plate armour.
  1526 | D:2      | 1526 ||| DROPPING +0 scale mail.
  1527 | D:2      | 1527 ||| UPGRADING to +6 ring of dexterity.
  1528 | D:2      | 1528 ||| READING scroll labelled ZUUKAE QICK.
  1529 | D:2      | 1529 ||| DRINKING 2 metallic dark potions.
  1530 | D:2      | 1530 ||| DROPPING potion of invisibility.
  2662 | D:2      | 2662 ||| Stepping randomly (stuck).
  2730 | D:2      | 2730 ||| Stepping randomly (stuck).
  2777 | D:3      | 2777 ||| Stepping ~*~*~tactically~*~*~ (stealth).
  2781 | D:3      | Found a transporter.
  2785 | D:3      | Noticed a scorpion
  2794 | D:3      | Killed a scorpion
  2795 | D:3      | Reached XP level 5. HP: 29/32 MP: 5/5
  2803 | D:3      | 2803 ||| FLEEEEING.
  2807 | D:3      | 2807 ||| STAIRDANCE
  2820 | D:2      | 2820 ||| DROPPING +0 hammer.
  2914 | D:3      | Reached skill level 5 in Axes
  2919 | D:3      | Found an ornate altar of the Wu Jian Council.
  2977 | D:3      | 2977 ||| Stepping ~*~*~tactically~*~*~ (stealth).
  2989 | D:3      | Noticed qw's ghost (amateur GrFi)
  3023 | D:3      | 3023 ||| Stepping ~*~*~tactically~*~*~ (stealth).
  3034 | D:3      | 3034 ||| READING scroll of enchant weapon.
  3034 | D:3      | 3034 ||| ENCHANTING +1 war axe.
  3089 | D:3      | 3089 ||| Stepping ~*~*~tactically~*~*~ (stealth).
  3115 | D:3      | 3115 ||| Stepping ~*~*~tactically~*~*~ (stealth).
  3159 | D:3      | 3159 ||| Stepping ~*~*~tactically~*~*~ (stealth).
  3179 | D:3      | 3179 ||| Stepping ~*~*~tactically~*~*~ (hiding).
  3185 | D:3      | Reached skill level 1 in Throwing
  3185 | D:3      | Reached XP level 6. HP: 35/37 MP: 6/6
  3215 | D:3      | 3215 ||| Stepping ~*~*~tactically~*~*~ (stealth).
  3217 | D:3      | 3217 ||| Stepping ~*~*~tactically~*~*~ (stealth).
  3310 | D:3      | Found a transporter.
  3429 | D:3      | 3429 ||| Stepping ~*~*~tactically~*~*~ (hiding).
  3431 | D:3      | 3431 ||| Stepping ~*~*~tactically~*~*~ (hiding).
  3440 | D:3      | 3440 ||| DRINKING potion of curing.
  3440 | D:3      | 3440 ||| (to cure confusion)
  3536 | D:3      | 3536 ||| UPGRADING to +0 cloak.
  3600 | D:4      | Noticed a black bear
  3605 | D:4      | Killed a black bear
  3606 | D:4      | Reached XP level 7. HP: 40/43 MP: 7/7
  3663 | D:4      | 3663 ||| Stepping ~*~*~tactically~*~*~ (stealth).
  3672 | D:4      | 3672 ||| Stepping ~*~*~tactically~*~*~ (hiding).
  3673 | D:4      | 3673 ||| Stepping ~*~*~tactically~*~*~ (hiding).
  3674 | D:4      | 3674 ||| Stepping ~*~*~tactically~*~*~ (hiding).
  3725 | D:4      | Found a staircase to the Ecumenical Temple.
  3726 | D:4      | 3726 ||| PLANNING TEMPLE
  3726 | D:4      | 3726 ||| READING scroll labelled ONEYNA LO QOKLOU.
  3738 | Temple   | Entered the Ecumenical Temple
  3940 | Temple   | 3940 ||| PLANNING OKAWARU WORSHIP
  4073 | Temple   | Became a worshipper of Warmaster Okawaru
  4074 | Temple   | 4074 ||| PLANNING D:1-11
  4213 | D:4      | Reached skill level 6 in Axes
  4659 | D:4      | 4659 ||| UPGRADING to +0 kite shield.
  4669 | D:4      | 4669 ||| DROPPING +0 buckler.
  4670 | D:4      | 4670 ||| READING 2 scrolls of identify.
  4670 | D:4      | 4670 ||| IDENTIFYING lumpy dark potion
  4702 | D:5      | Entered Level 5 of the Dungeon
  4702 | D:5      | Found Vivaudat's Distillery.
  4715 | D:5      | Reached * piety under Okawaru
  4716 | D:5      | Reached skill level 6 in Shields
  4716 | D:5      | Reached XP level 8. HP: 27/48 MP: 8/8
  4716 | D:5      | 4716 ||| INVOKING Heroism.
  4792 | D:5      | 4792 ||| SHOPLISTING potion of cancellation (96 gold, have
                  | 54).
  4792 | D:5      | 4792 ||| BUYING potion of curing (36 gold).
  4792 | D:5      | Bought a potion of curing for 36 gold pieces
  4792 | D:5      | 4792 ||| SHOPLISTING potion of heal wounds (60 gold, have
                  | 18).
  4792 | D:5      | 4792 ||| SHOPLISTING potion of lignification (36 gold, have
                  | 18).
  4792 | D:5      | 4792 ||| SHOPLISTING potion of mutation (96 gold, have 18).
  4911 | D:5      | 4911 ||| Stepping ~*~*~tactically~*~*~ (hiding).
  4917 | D:5      | 4917 ||| DRINKING potion of curing.
  4917 | D:5      | 4917 ||| (to cure confusion)
  4919 | D:5      | Reached skill level 1 in Invocations
  5359 | D:5      | 5359 ||| INVOKING Heroism.
  5364 | D:5      | Reached skill level 1 in Dodging
  5423 | D:5      | 5423 ||| UPGRADING to +0 helmet.
  5482 | D:5      | 5482 ||| DRINKING 2 ruby potions.
  5489 | D:5      | Reached skill level 3 in Invocations
  5561 | D:5      | 5561 ||| DRINKING potion of curing.
  5561 | D:5      | 5561 ||| (to cure confusion)
  5879 | D:6      | Reached skill level 6 in Armour
  5880 | D:6      | 5880 ||| STAIRDANCE
  5885 | D:5      | Reached ** piety under Okawaru
  5942 | D:6      | Reached XP level 9. HP: 45/52 MP: 12/12
  6118 | D:6      | Noticed Menkaure
  6119 | D:6      | 6119 ||| Stepping ~*~*~tactically~*~*~ (hiding).
  6120 | D:6      | 6120 ||| Stepping ~*~*~tactically~*~*~ (hiding).
  6121 | D:6      | 6121 ||| Stepping ~*~*~tactically~*~*~ (hiding).
  6124 | D:6      | 6124 ||| INVOKING Heroism.
  6129 | D:6      | Killed Menkaure
  6196 | D:6      | 6196 ||| INVOKING Heroism.
  6204 | D:6      | Reached skill level 7 in Axes
  6277 | D:6      | 6277 ||| Stepping ~*~*~tactically~*~*~ (hiding).
  6381 | D:6      | 6381 ||| Stepping ~*~*~tactically~*~*~ (stealth).
  6383 | D:6      | Noticed Pikel
  6383 | D:6      | 6383 ||| Stepping ~*~*~tactically~*~*~ (stealth).
  6385 | D:6      | 6385 ||| INVOKING Heroism.
  6396 | D:6      | Killed Pikel
  6425 | D:6      | 6425 ||| INVOKING Heroism.
  6528 | D:6      | 6528 ||| INVOKING Heroism.
  6789 | D:6      | 6789 ||| UPGRADING to +0 pair of gloves.
  6794 | D:6      | 6794 ||| DRINKING 2 murky silvery potions.
  6794 | D:6      | Gained mutation: You are partially covered in large bone
                  | plates. (SH +4) [potion of mutation]
  6794 | D:6      | Gained mutation: You passively map a small area around you.
                  | [potion of mutation]
  6925 | D:7      | 6925 ||| INVOKING Heroism.
  6944 | D:7      | 6944 ||| INVOKING Heroism.
  7144 | D:7      | 7144 ||| Stepping ~*~*~tactically~*~*~ (stealth).
  7150 | D:7      | Reached skill level 8 in Axes
  7150 | D:7      | Reached XP level 10. HP: 59/59 MP: 13/13
  7160 | D:7      | Reached skill level 6 in Fighting
  7172 | D:7      | 7172 ||| INVOKING Heroism.
  7351 | D:7      | Found Emil's Antique Weapon Boutique.
  7357 | D:7      | 7357 ||| BUYING glowing war axe (149 gold).
  7357 | D:7      | Bought a glowing war axe for 149 gold pieces
  7357 | D:7      | 7357 ||| BUYING morningstar (92 gold).
  7357 | D:7      | Bought a morningstar for 92 gold pieces
  7357 | D:7      | 7357 ||| BUYING runed flail (149 gold).
  7357 | D:7      | Bought a runed flail for 149 gold pieces
  7357 | D:7      | 7357 ||| SWAPPING to +0 war axe of draining.
  7358 | D:7      | 7358 ||| DROPPING +0 flail.
  7359 | D:7      | 7359 ||| DROPPING +1 flail of protection.
  7808 | D:7      | 7808 ||| DROPPING amulet of magic regeneration.
  7809 | D:7      | 7809 ||| DRINKING 2 bubbling brown potions.
  7810 | D:7      | 7810 ||| READING 2 scrolls of identify.
  7810 | D:7      | 7810 ||| IDENTIFYING black potion
  7811 | D:7      | 7811 ||| DROPPING potion of ambrosia.
  7812 | D:7      | 7812 ||| DROPPING potion of degeneration.
  7833 | D:8      | Found a staircase to the Lair.
  7864 | D:8      | 7864 ||| INVOKING Heroism.
  7909 | D:8      | 7909 ||| Stepping ~*~*~tactically~*~*~ (hiding).
  7909 | D:8      | Noticed a two-headed ogre
  7910 | D:8      | 7910 ||| Stepping ~*~*~tactically~*~*~ (stealth).
  7936 | D:8      | 7936 ||| Stepping ~*~*~tactically~*~*~ (hiding).
  7948 | D:8      | 7948 ||| INVOKING Heroism.
  8038 | D:8      | 8038 ||| READING scroll of enchant weapon.
  8038 | D:8      | 8038 ||| ENCHANTING +0 war axe of draining.
  8045 | D:8      | 8045 ||| INVOKING Heroism.
  8048 | D:8      | Killed a two-headed ogre
  8049 | D:8      | Reached skill level 9 in Axes
  8062 | D:8      | 8062 ||| Stepping ~*~*~tactically~*~*~ (stealth).
  8232 | D:8      | Reached *** piety under Okawaru
  8244 | D:8      | Found Umagar's Magic Scroll Boutique.
  8450 | D:8      | 8450 ||| INVOKING Heroism.
  8551 | D:8      | 8551 ||| Stepping ~*~*~tactically~*~*~ (hiding).
  8567 | D:8      | 8567 ||| INVOKING Heroism.
  8629 | D:8      | Found an ancient bone altar of Kikubaaqudgha.
  8659 | D:8      | 8659 ||| BUYING scroll of identify (26 gold).
  8659 | D:8      | Bought a scroll of identify for 26 gold pieces
  8659 | D:8      | 8659 ||| BUYING scroll of identify (26 gold).
  8659 | D:8      | Bought a scroll of identify for 26 gold pieces
  8659 | D:8      | 8659 ||| BUYING scroll of identify (26 gold).
  8659 | D:8      | Bought a scroll of identify for 26 gold pieces
  8659 | D:8      | 8659 ||| BUYING scroll of identify (26 gold).
  8659 | D:8      | Bought a scroll of identify for 26 gold pieces
  8659 | D:8      | 8659 ||| BUYING scroll of teleportation (39 gold).
  8659 | D:8      | Bought a scroll of teleportation for 39 gold pieces
  8752 | D:8      | 8752 ||| PLANNING LAIR
  8752 | D:8      | 8752 ||| READING scroll labelled XOCOWA GAUPT.
  8795 | D:8      | 8795 ||| READING scroll labelled JATAUCUACY.
  8796 | D:8      | 8796 ||| DRINKING 2 bubbling white potions.
  8797 | D:8      | 8797 ||| READING 5 scrolls of identify.
  8797 | D:8      | 8797 ||| IDENTIFYING puce potion
  8798 | D:8      | 8798 ||| READING 4 scrolls of identify.
  8798 | D:8      | 8798 ||| IDENTIFYING fuming puce potion
  8799 | D:8      | 8799 ||| READING 3 scrolls of identify.
  8799 | D:8      | 8799 ||| IDENTIFYING murky blue potion
  8800 | D:8      | 8800 ||| DROPPING potion of brilliance.
  8847 | Lair:1   | Entered Level 1 of the Lair of Beasts
  8851 | Lair:1   | 8851 ||| STAIRDANCE
  8859 | D:8      | Reached skill level 9 in Armour
  8898 | Lair:1   | Reached XP level 11. HP: 65/67 MP: 14/14
  8899 | Lair:1   | 8899 ||| INVOKING Heroism.
  8911 | Lair:1   | Reached skill level 9 in Shields
  8995 | Lair:1   | 8995 ||| INVOKING Heroism.
  9022 | Lair:1   | 9022 ||| INVOKING Heroism.
  9048 | Lair:1   | 9048 ||| INVOKING Heroism.
  9083 | Lair:1   | 9083 ||| Stepping ~*~*~tactically~*~*~ (stealth).
  9122 | Lair:1   | 9122 ||| Stepping ~*~*~tactically~*~*~ (stealth).
  9123 | Lair:1   | 9123 ||| Stepping ~*~*~tactically~*~*~ (stealth).
  9131 | Lair:1   | 9131 ||| INVOKING Heroism.
  9138 | Lair:1   | Reached skill level 10 in Axes
  9222 | Lair:1   | Found a dark tunnel.
  9426 | Lair:1   | 9426 ||| Stepping ~*~*~tactically~*~*~ (stealth).
  9433 | Lair:1   | Reached **** piety under Okawaru
  9811 | Lair:1   | 9811 ||| UPGRADING to ring of protection from fire.
  9812 | Lair:1   | 9812 ||| READING scroll labelled PIGUAPSIFUR.
  9813 | Lair:1   | 9813 ||| READING scroll labelled TYKHEO XIQEJO.
  9878 | Lair:2   | 9878 ||| INVOKING Heroism.
 10016 | Lair:2   | 10016 ||| INVOKING Heroism.
 10057 | Lair:2   | 10057 ||| INVOKING Heroism.
 10107 | Lair:2   | 10107 ||| Stepping ~*~*~tactically~*~*~ (stealth).
 10198 | Lair:2   | 10198 ||| READING scroll of enchant weapon.
 10198 | Lair:2   | 10198 ||| ENCHANTING +1 war axe of draining.
 10199 | Lair:2   | 10199 ||| INVOKING Heroism.
 10229 | Lair:2   | Noticed a bog body
 10230 | Lair:2   | 10230 ||| Stepping ~*~*~tactically~*~*~ (hiding).
 10239 | Lair:2   | 10239 ||| INVOKING Heroism.
 10239 | Lair:2   | Slain by a bog body

Levels and vault maps discovered:
D:1:      dpeg_arrival_solitude, layout_rooms
D:2:      minmay_evil_eye, layout_basic, nicolae_ecumenical_oubliette,
          uniq_crazy_yiuf_cottage
D:3:      layout_rooms, mainiacjoe_overflow_surrounded_room,
          gammafunk_ghost_stat_death
D:4:      layout_gridville, minmay_temple_entry_wispy
D:5:      minmay_polygon_palace, layout_cave_pods, serial_shops, shop,
          dk_vineyard_2
D:6:      layout_basic, uniq_pikel, uniq_menkaure
D:7:      layout_basic, serial_shops, shop
D:8:      layout_loops_ring, kiku_gazebo_garden_becter, lair_entry_dummy,
          serial_shops, nicolae_shop_waterfront
Temple:   mainiacjoe_temple_cubbyholes
Lair:1:   layout_hall_layers, nicolae_volcano_entry_hallway,
          serial_bayou_shore_a, grunt_megastairs_1
Lair:2:   cheibrodos_lair_river_kwai, layout_cave_shapes,
          nicolae_swamp_entry_splash_gauntlet

Skill      XL: |  1  2  3  4  5  6  7  8  9 10 11 |
---------------+----------------------------------+-----
Axes           | 2 3 4 5 6 8 9 10 | 10.0
Throwing       | 1 2 |  2.9
Armour         | 4 6 7 9 |  9.5
Fighting       | 4 5 7 8 |  8.0
Shields        | 6 7 8 9 |  9.3
Invocations    | 4 5 |  5.5
Dodging        | 1 2 |  2.0

Action                     |  1- 3 |  4- 6 |  7- 9 | 10-12 || total
---------------------------+-------+-------+-------+-------++-------
  Melee: War axe           |    97 |   105 |   235 |   238 ||   675
  Throw: Javelin           |       |    14 |    33 |       ||    47
         Boomerang         |       |       |     5 |    30 ||    35
 Invoke: Heroism           |       |       |     9 |    16 ||    25
    Use: Scroll            |     3 |     2 |     2 |    10 ||    17
         Potion            |       |     2 |     4 |     2 ||     8
 Armour: Scale mail        |    51 |    16 |       |       ||    67
         Crystal plate arm |       |    50 |   214 |   110 ||   374
  Dodge: Dodged            |    49 |    22 |    24 |    27 ||   122
  Block: Buckler           |    20 |    11 |     6 |       ||    37
         Kite shield       |       |       |   167 |   173 ||   340

Table legend:
 A = Non-vault XP
 B = Vault XP
 C = Vault XP percentage of total XP
 D = Non-vault monster count
 E = Vault monster count
 F = Vault count percentage of total count
                 A         B        C        D         E       F
            +---------+---------+-------+---------+---------+-------
      Total |   13262 |    2493 |  15.8 |     214 |      27 |  11.2
            +---------+---------+-------+---------+---------+-------
        D:1 |      45 |       0 |   0.0 |      29 |       0 |   0.0
        D:2 |      72 |       5 |   6.5 |      20 |       4 |  16.7
        D:3 |     333 |       0 |   0.0 |      33 |       0 |   0.0
        D:4 |     332 |       0 |   0.0 |      20 |       0 |   0.0
        D:5 |     784 |     605 |  43.6 |      20 |      17 |  45.9
        D:6 |    1193 |     842 |  41.4 |      23 |       2 |   8.0
        D:7 |    1544 |       0 |   0.0 |      14 |       0 |   0.0
        D:8 |    3285 |       0 |   0.0 |      28 |       0 |   0.0
     Lair:1 |    3372 |     493 |  12.8 |      16 |       2 |  11.1
     Lair:2 |    2302 |     548 |  19.2 |      11 |       2 |  15.4
            +---------+---------+-------+---------+---------+-------
